 Dungeon Crawl Stone Soup version 0.31-a0-662-g684573625c (webtiles) character file.

Game seed: 7321221152563386057

2396 Dittersdorf the Trooper (level 9, -14/57 HPs)
             Began as a Gargoyle Fighter on Sept 1, 2023.
             Was a Follower of Okawaru.
             Killed from afar by Maggie (20 damage)
             ... with a bolt of fire
             ... on level 6 of the Dungeon.
             The game lasted 00:12:22 (5838 turns).

Dittersdorf the Trooper (Gargoyle Fighter)          Turns: 5838, Time: 00:12:23

Health: -14/57     AC: 22    Str: 25    XL:     9   Next: 46%
Magic:  9/9        EV:  6    Int: 10    God:    Okawaru [*.....]
Gold:   118        SH: 15    Dex:  9    Spells: 8/8 levels left

rFire   . . .        x - +1 morningstar
rCold   . . .        i - +2 tower shield {AC+3}
rNeg    + . .        m - +0 chain mail
rPois   ∞            j - +0 helmet
rElec   +            s - +0 cloak
rCorr   .            (no gloves)
SInv    +            (no boots)
Will    +....        (no amulet) Stlth
                     c - ring of Cogg {+Blink Will+ Str+2 Stlth-}
HPRegen 0.29/turn    a - ring of see invisible
MPRegen 0.11/turn

%: no passive effects
@: mesmerised
A: sickness immunity, AC +6, negative energy resistance 1, electricity
resistance, torment resistance 1, petrification resistance
a: Renounce Religion, Evoke Blink, Heroism


You were on level 6 of the Dungeon.
You worshipped Okawaru.
Okawaru was aware of your devotion.
You visited 2 branches of the dungeon, and saw 7 of its levels.
You also visited: Sewer and Ossuary.

You collected 290 gold pieces.
You spent 172 gold pieces at shops.

Inventory:

Hand Weapons
 x - a +1 morningstar (weapon)
Missiles
 b - a curare-tipped dart
 h - 10 poisoned darts (quivered)
Armour
 i - a +2 tower shield of protection (worn)
 j - a +0 helmet (worn)
 m - a +0 chain mail (worn)
 s - a +0 cloak (worn)
Magical Staves
 q - a staff of earth
Jewellery
 a - a ring of see invisible (right hand)
 c - the ring of Cogg (left hand) {+Blink Will+ Str+2 Stlth-}
   (You found it on level 5 of the Dungeon)

   [ring of willpower]

   Str+2:     It affects your strength (+2).
   Will+:     It increases your willpower.
   +Blink:    It lets you blink.
   Stlth-:    It makes you less stealthy.
Wands
 g - a wand of iceblast (14)
 r - a wand of flame (21)
Scrolls
 k - 7 scrolls of teleportation
Potions
 d - 4 potions of curing
 f - 2 potions of heal wounds
 l - 2 potions of resistance
 n - a potion of berserk rage {unknown}
 o - a potion of haste {unknown}
 p - 2 potions of lignification {unknown}
 t - a potion of attraction {unknown}
 u - a potion of ambrosia {unknown}
 v - a potion of mutation {unknown}
 w - a potion of might
 z - a potion of enlightenment {unknown}
 A - a potion of degeneration {unknown}


   Skills:
 + Level 7.6 Fighting
 + Level 6.4 Maces & Flails
 + Level 7.6 Armour
 + Level 7.5 Shields


You had 8 spell levels left.
You didn't know any spells.
Your spell library contained the following spells:

 Spells                   Type           Power      Damage    Failure   Level
 Lesser Beckoning         Tloc           0%         N/A       100%        2
 Dazzling Flash           Conj/Hex       0%         N/A       100%        3
 Gell's Gravitas          Tloc           0%         N/A       100%        3
 Teleport Other           Tloc           0%         N/A       100%        3
 Volatile Blastmotes      Fire/Tloc      0%         2d10      100%        3
 Dispersal                Tloc           0%         N/A       100%        6
 Starburst                Conj/Fire      0%         6d3       100%        6
 Orb of Destruction       Conj           0%         9d5       100%        7
 Maxwell's Capacitive Co  Air            0%         ∞         100%        8
 Summon Guardian Golem    Hex/Summ       Unusable   N/A       N/A         3
 Spellforged Servitor     Conj/Summ      Unusable   N/A       N/A         7

Dungeon Overview and Level Annotations

Branches:
Dungeon (6/15)             Temple (1/1) D:5           Sewer (visited)
Ossuary (visited)

Altars:
Ashenzari
Cheibriados
Dithmenos
Elyvilon
Fedhas
Gozag
Hepliaklqana
Kikubaaqudgha
Makhleb
Nemelex Xobeh
Okawaru
Qazlal
Sif Muna
Trog
Uskayaw
Vehumet
Wu Jian
Xom
Yredelemnul
Zin
The Shining One

Shops:
D:5 [

Annotations:
D:6 Maggie


Innate Abilities, Weirdness & Mutations

You are immune to sickness and miasma.
Your stone body is resilient. (AC +6)
You are immune to poison.
You resist negative energy. (rN+)
You are resistant to electric shocks. (rElec)
You are resistant to unholy torment.
You are immune to petrification.


Message History

You closely miss Maggie.
Maggie is heavily wounded.
The wight closely misses you. You block Maggie's attack.
You hit Maggie.
Maggie is heavily wounded.
You block the wight's attack. Maggie hits you but does no damage.
You block the wight's attack. Maggie closely misses you.
You completely miss Maggie.
Maggie is heavily wounded.
The wight hits you but does no damage.
Maggie zaps a wand.
The puff of flame hits you!
You hit Maggie but do no damage.
Maggie is heavily wounded.
You block the wight's attack.
Maggie mumbles some strange words.
Maggie attempts to bespell you! You resist with almost no effort.
You closely miss Maggie.
Maggie is heavily wounded.
You block the wight's attack.
Maggie casts a spell.
Maggie attempts to bespell you!
You are mesmerised by Maggie!
The wight barely misses you.
Maggie hits you with a +2 glaive of flaming.
Maggie burns you.
You puncture Maggie!
Maggie is almost dead.
The wight hits you but does no damage.
Maggie hits you with a +2 glaive of flaming!
Maggie burns you.
You hit Maggie but do no damage.
Maggie is almost dead.
The wight hits you from afar with a +5 halberd!
* * * LOW HITPOINT WARNING * * *
You block Maggie's attack. The wight barely misses you.
You hit Maggie.
Maggie is almost dead.
Maggie gestures at you while chanting. The bolt of fire hits you!!
You die...

#.# #.. ..#
#§# #.# #
#.# #. #<#
####..####.#
((...zz@@..#
(###..######
#. #


You could see Maggie (mesmerising, poisoned) and 2 wights.

Vanquished Creatures
  Pikel (D:5)
  Grinder (D:3)
  Sigmund (D:2)
  An ice beast (D:5)
  3 ogres (D:5)
  A phantom (D:5)
  3 kobold brigands (Sewer)
  2 scorpions (D:5)
  A wight (D:6)
  2 human zombies (Ossuary)
  2 centaur zombies (Ossuary)
  3 hounds (D:4)
  2 jellies
  An orc priest (D:3)
  Crazy Yiuf (D:2)
  A sleepcap (D:5)
  Ijyb (D:3)
  3 orc wizards
  3 mummies (Ossuary)
  15 adders
  2 river rats (Sewer)
  2 ufetubi
  2 adder zombies (Ossuary)
  2 worms
  4 dart slugs
  11 orcs
  3 bats
  6 endoplasms
  6 giant cockroaches
  6 goblins
  4 hobgoblins
  3 jackals (D:3)
  11 quokkas
  15 ball pythons
  2 frilled lizards
  3 gnoll zombies (Ossuary)
  3 goblin zombies (Ossuary)
  6 hobgoblin zombies (Ossuary)
  3 jackal zombies
  14 kobolds
  4 kobold zombies (Ossuary)
  2 orc zombies (Ossuary)
  4 quokka zombies (Ossuary)
  7 rats
  4 rat zombies (Ossuary)
177 creatures vanquished.

Notes
Turn   | Place    | Note
-------+----------+-------------------------------------------
     0 | D:1      | Dittersdorf the Gargoyle Fighter began the quest for the
                  | Orb.
     0 | D:1      | Reached XP level 1. HP: 14/14 MP: 1/1
   185 | D:1      | Reached XP level 2. HP: 19/19 MP: 2/2
   469 | D:1      | Reached XP level 3. HP: 23/23 MP: 3/3
   951 | D:2      | Noticed Sigmund
  1218 | D:2      | Reached XP level 4. HP: 29/29 MP: 4/4
  1250 | D:2      | Found a runed translucent door.
  1251 | D:2      | Noticed Crazy Yiuf
  1265 | D:2      | Killed Crazy Yiuf
  1394 | D:2      | HP: 1/29 [something (15)]
  1398 | D:2      | Killed Sigmund
  1399 | D:2      | Reached XP level 5. HP: 3/34 MP: 5/5
  1399 | D:2      | Reached XP level 6. HP: 4/39 MP: 6/6
  2186 | D:3      | Noticed Grinder
  2200 | D:3      | Paralysed by Grinder for 5 turns
  2212 | D:3      | Killed Grinder
  2213 | D:3      | Reached skill level 5 in Fighting
  2213 | D:3      | Reached skill level 5 in Armour
  2213 | D:3      | Reached skill level 5 in Shields
  2213 | D:3      | Reached XP level 7. HP: 20/44 MP: 7/7
  2385 | D:3      | Noticed Ijyb
  2399 | D:3      | Killed Ijyb
  2478 | D:3      | Found a glowing drain.
  2488 | Sewer    | Entered a sewer
  3018 | D:3      | Reached XP level 8. HP: 48/51 MP: 8/8
  3626 | D:4      | Reached skill level 5 in Maces & Flails
  4144 | D:4      | Found an ornate altar of the Wu Jian Council.
  4203 | D:4      | Found a glowing golden altar of the Shining One.
  4222 | D:5      | Entered Level 5 of the Dungeon
  4283 | D:5      | Noticed Pikel
  4314 | D:5      | Killed Pikel
  4330 | D:5      | Found a sand-covered staircase.
  4359 | D:5      | Found a staircase to the Ecumenical Temple.
  4375 | Temple   | Entered the Ecumenical Temple
  4380 | Temple   | Became a worshipper of Warmaster Okawaru
  4403 | Ossuary  | Entered an ossuary
  4537 | Ossuary  | Reached XP level 9. HP: 53/56 MP: 9/9
  4814 | D:5      | Found Xanum's Antique Armour Shoppe.
  4822 | D:5      | Bought a glowing tower shield for 172 gold pieces
  4889 | D:5      | Identified the ring of Cogg {+Blink Will+ Str+2 Stlth-}
  5311 | D:5      | Reached * piety under Okawaru
  5553 | D:5      | Found a snail-covered altar of Cheibriados.
  5553 | D:5      | Found a hide-covered altar of Uskayaw.
  5815 | D:6      | Noticed Maggie
  5838 | D:6      | Killed from afar by Maggie

Illustrated notes

Levels and vault maps discovered:
D:1:      minmay_arrival_widening_spiral_wide, layout_basic, minmay_pentomino_s2
D:2:      layout_basic, amcnicky_mini_rare_corridor_liquid, uniq_sigmund,
          uniq_crazy_yiuf_cottage
D:3:      layout_loops_corners, portal_sewer_entry_e, uniq_grinder, uniq_ijyb
D:4:      layout_loops_ring, mainiacjoe_overflow_alcove_4,
          nzn_wu_jian_council_hall, grunt_ministairs_13
D:5:      layout_cave_pods, gammafunk_temple_overflow_elements,
          minmay_temple_entry_fiery, enter_ossuary_3, serial_shops, shop,
          uniq_pikel
D:6:      layout_loops_ring, uniq_maggie
Temple:   nicolae_temple_bog_church

Skill      XL: |  1  2  3  4  5  6  7  8  9 |
---------------+----------------------------+-----
Fighting       | 4 5 6 7 |  7.6
Armour         | 4 5 6 7 |  7.6
Shields        | 4 5 6 7 |  7.5
Maces & Flails | 3 4 5 6 |  6.4

Action                     |  1- 3 |  4- 6 |  7- 9 || total
---------------------------+-------+-------+-------++-------
  Melee: Flail             |    35 |       |       ||    35
         Mace              |    61 |    83 |   381 ||   525
         Morningstar       |       |       |    86 ||    86
  Throw: Dart              |       |       |    24 ||    24
    Use: Potion            |       |     1 |       ||     1
         Scroll            |       |     6 |     7 ||    13
 Armour: Scale mail        |    80 |    49 |    28 ||   157
         Chain mail        |       |       |   318 ||   318
  Dodge: Dodged            |    48 |    28 |   149 ||   225
  Block: Buckler           |    20 |    14 |   117 ||   151
         Tower shield      |       |       |    76 ||    76

Table legend: (Time is in decaauts)
 A = Elapsed time spent in this place.
 B = Non-inter-level travel time spent in this place.
 C = Inter-level travel time spent in this place.
 D = Time resting spent in this place.
 E = Time spent auto-exploring this place.
 F = Levels seen in this place.
 G = Mean time per level.
                   A        B        C        D        E       F      G
               +--------+--------+--------+--------+--------+-----+--------+
         Total |   6045 |   5765 |    280 |    297 |   3488 |   9 |  671.7 |
       Dungeon |   5066 |   4790 |    276 |    219 |   3044 |   6 |  844.3 |
        Temple |     10 |      6 |      4 |      0 |      0 |   1 |   10.0 |
         Sewer |    573 |    573 |      0 |      0 |    336 |   1 |  573.0 |
       Ossuary |    394 |    394 |      0 |     78 |    108 |   1 |  394.0 |
               +--------+--------+--------+--------+--------+-----+--------+

Top non-repeatable levels by time:
     D:5: 1202 daAuts
     D:2: 1099 daAuts
     D:1: 993 daAuts
     D:3: 927 daAuts
     D:4: 809 daAuts
   Sewer: 573 daAuts
 Ossuary: 394 daAuts
     D:6: 34 daAuts
  Temple: 10 daAuts
